 Dungeon Crawl Stone Soup version 0.16-a0-1132-gad589c6 (webtiles) character file.

392 M4edhros the Charlatan (level 6, 0/42 HPs)
             Began as an Octopode Artificer on Oct 7, 2014.
             Was an Initiate of Fedhas.
             Succumbed to poison (a potion of poison)
             ... on level 6 of the Dungeon.
             The game lasted 00:11:31 (2745 turns).

M4edhros the Charlatan (Octopode Artificer)         Turns: 2745, Time: 00:11:31

Health: 0/42       AC:  1    Str: 11    XL:     6   Next: 80%
Magic:  10/10      EV: 13    Int: 16    God:    Fedhas [......]
Gold:   198        SH:  0    Dex: 12    Spells: 0 memorised, 5 levels left

rFire  . . .     SeeInvis .     x - +0 spear
rCold  . . .     Clarity  .     (no shield)
rNeg   . . .     SustAb   +     (helmet restricted)
rPois  .         Gourm    .     (no amulet)
rElec  .         Spirit   .     u - ring of sustain abilities
rCorr  .         Warding  .     (no ring)
rMut   .         Stasis   .     (no ring)
MR     .....                    (no ring)
Stlth  +++.......               (no ring)
                                (no ring)
                                (no ring)
                                (no ring)

@: lethally poisoned, not resistant to hostile enchantments, fairly stealthy
A: almost no armour, amphibious, 8 rings, constrict 8, camouflage 1, deformed
body, deterioration 1, screaming 1, gelatinous body 1
a: Renounce Religion


You were on level 6 of the Dungeon.
You worshipped Fedhas.
Fedhas was noncommittal.
You were hungry.

You visited 1 branch of the dungeon, and saw 6 of its levels.

You collected 198 gold pieces.

Inventory:

Hand weapons
 x - a +0 spear (weapon)
Missiles
 i - 14 stones (quivered)
 r - a throwing net
Magical devices
 b - a wand of flame (6)
 c - a wand of enslavement (5)
 d - a wand of random effects (8)
 n - a wand of confusion (32)
Comestibles
 f - 4 bread rations
 m - a beef jerky
 s - a meat ration
Scrolls
 a - 3 scrolls of enchant weapon {unknown}
 e - a scroll of recharging {unknown}
 g - a scroll of amnesia {unknown}
 j - a scroll of fog {unknown}
 k - 6 scrolls of identify {unknown}
 l - a scroll of fear {unknown}
 p - a scroll of noise {unknown}
 t - 2 scrolls of teleportation {unknown}
 v - a scroll of remove curse {unknown}
Jewellery
 u - a ring of sustain abilities (left tentacle)
Potions
 z - a potion of resistance
Books
 h - a book of Power

   Spells                             Type                      Level
   Fulminant Prism                    Conjuration/Hexes            4
   Iskenderun's Mystic Blast          Conjuration                  4
   Venom Bolt                         Conjuration/Poison           5
   Bolt of Magma                      Conjuration/Fire/Earth       5
   Iron Shot                          Conjuration/Earth            6
   Orb of Destruction                 Conjuration                  7


   Skills:
 + Level 3.2 Fighting
   Level 1.0 Short Blades
 * Level 3.7 Polearms
 + Level 3.6 Dodging
 - Level 1.3 Stealth
 + Level 4.9 Evocations


You had 5 spell levels left.
You didn't know any spells.

Dungeon Overview and Level Annotations

Branches:
Dungeon (6/15)
 Temple: D:4-7

Altars:
Ashenzari
Fedhas
Makhleb
Qazlal
Sif Muna
Trog
Vehumet

Annotations:
D:3 Grinder, Terence


Innate Abilities, Weirdness & Mutations

You cannot wear most types of armour.
You are amphibious.
You can wear up to eight rings at the same time.
You can use your tentacles to constrict many enemies at once.
Your skin changes colour to match your surroundings (Stealth).
Your rubbery body absorbs attacks (AC +1).
Your body is misshapen.
Your body is slowly deteriorating.
You occasionally shout uncontrollably at your foes.


Message History

The centaur resists with significant effort.
This wand has 6 charges left.
You feel sick. The centaur barely misses you. The centaur hits you!
* * * LOW HITPOINT WARNING * * *
Evoke which item? (* to show all) (? for menu, Esc to quit)
Zapping:
c - a wand of enslavement (6)
Press: ? - help, Shift-Dir - straight line, f/p - centaur
Aim: a centaur The centaur is charmed.
This wand has 5 charges left.
* * * LOW HITPOINT WARNING * * *
You feel sick.
You swap places.
There is a blossoming altar of Fedhas here.
You can't go down here!
You curl up in front of the altar of Fedhas.
Fedhas welcomes you!
You can now call upon Fedhas to speed up the decay of corpses.
The plants of the dungeon cease their hostilities.
You die...
Fedhas appreciates your contribution to the ecosystem.

### #.#.# ..
#.#.########.####
#.(........#.(...
###.######.#..#
#..(.(%....(#
####(((.(..##
#.PPP.P.#
#.P.PcP.#
#.PP@PP.#
#.PPPP..#
#..PP...# ##.
...# #. ..## ###


You could see a friendly centaur.

Vanquished Creatures
  An ice beast (D:5)
  An ogre (D:4)
  A goliath beetle (D:6)
  A hound (D:4)
  A crimson imp (D:6)
  A hound zombie (D:5)
  4 adders
  3 worms
  A giant gecko (D:1)
  3 oozes
  An orc (D:3)
  A ball python (D:3)
  5 goblins
  8 hobgoblins
  4 jackals (D:5)
  7 kobolds
  6 bats
  2 giant newts
  A kobold skeleton (D:5)
  An orc skeleton (D:4)
  A quokka (D:2)
  6 rats
60 creatures vanquished.

Vanquished Creatures (collateral kills)
  A worm (D:5)
  A giant gecko (D:5)
  An orc (D:5)
3 creatures vanquished.

Grand Total: 63 creatures vanquished

Notes
Turn   | Place    | Note
--------------------------------------------------------------
     0 | D:1      | M4edhros, the Octopode Artificer, began the quest for the Orb.
     0 | D:1      | Reached XP level 1. HP: 13/13 MP: 1/1
   233 | D:2      | Found a radiant altar of Vehumet.
   254 | D:2      | Reached XP level 2. HP: 12/18 MP: 3/3
   608 | D:2      | Reached XP level 3. HP: 11/23 MP: 4/4
   813 | D:3      | Reached skill level 1 in Polearms
  1072 | D:3      | Noticed Terence
  1300 | D:2      | Reached XP level 4. HP: 29/29 MP: 6/6
  1546 | D:3      | Reached skill level 4 in Evocations
  1671 | D:4      | Noticed a phantom
  1708 | D:3      | Noticed Grinder
  1715 | D:3      | Found a stormy altar of Qazlal.
  1829 | D:4      | Noticed an ogre
  1852 | D:4      | Killed an ogre
  1852 | D:4      | Reached XP level 5. HP: 34/34 MP: 8/8
  1864 | D:5      | Entered Level 5 of the Dungeon
  2047 | D:5      | Noticed an ice beast
  2052 | D:5      | Killed an ice beast
  2052 | D:5      | Reached XP level 6. HP: 39/41 MP: 10/10
  2158 | D:5      | Noticed a centaur
  2389 | D:4      | Found a burning altar of Makhleb.
  2394 | D:4      | Found a deep blue altar of Sif Muna.
  2414 | D:4      | Found a bloodstained altar of Trog.
  2428 | D:4      | Found a shattered altar of Ashenzari.
  2715 | D:6      | Found a blossoming altar of Fedhas.
  2734 | D:6      | Gained mutation: Your body is slowly deteriorating. [potion of mutation]
  2734 | D:6      | Gained mutation: You occasionally shout uncontrollably at your foes. [potion of mutation]
  2734 | D:6      | Gained mutation: Your body is misshapen. [potion of mutation]
  2742 | D:6      | HP: 2/42 [centaur (9)]
  2745 | D:6      | Became a worshipper of Fedhas Madash
  2745 | D:6      | Succumbed to poison (a potion of poison)

Action                   |  1- 3 |  4- 6 || total
-------------------------+-------+-------++-------
Melee: Short sword       |    18 |       ||    18
       Spear             |    44 |   148 ||   192
Evoke: Wand              |     5 |    24 ||    29
  Use: Potion            |       |     7 ||     7
 Stab: Sleeping          |     6 |     8 ||    14
       Confused          |       |     1 ||     1
  Eat: Chunk             |     1 |     4 ||     5
